 Dungeon Crawl Stone Soup version 0.29.0-4-gdea44cf6ec (webtiles) character file.

Game seed: 8813584205280930744

113 qw the Caller (level 4, -1/36 HPs)
             Began as a Ghoul Summoner on Sept 9, 2022.
             Slain by a black bear (3 damage)
             ... on level 4 of the Dungeon.
             The game lasted 00:01:43 (4950 turns).

qw the Caller (Ghoul Summoner)                      Turns: 4950, Time: 00:01:43

Health: -1/36      AC:  7    Str: 13    XL:     4   Next: 96%
Magic:  5/5        EV:  9    Int: 10    God:
Gold:   200        SH:  0    Dex:  9    Spells: 5/6 levels left

rFire   . . .      SeeInvis .   Y - +0 war axe
rCold   + . .      Faith    .   (no shield)
rNeg    + + +      Spirit   .   f - +0 scale mail
rPois   inf        Reflect  .   (no helmet)
rElec   .          Harm     .   e - +0 cloak
rCorr   .          Rampage  .   (no gloves)
Will    .....                   (no boots)
Stlth   ..........              h - amulet of regeneration
HPRegen 0.00/turn               (no ring)
MPRegen 0.09/turn               (no ring)

@: inhibited regen
A: claws 1, cold resistance 1, negative energy resistance 3, inhibited
regeneration, torment resistance 2, devour on kill
a: no special abilities


You were on level 4 of the Dungeon.
You visited 1 branch of the dungeon, and saw 4 of its levels.

You collected 200 gold pieces.


Innate Abilities, Weirdness & Mutations

You are immune to poison.
You have sharp fingernails.
Your flesh is cold resistant. (rC+)
You are immune to negative energy. (rN+++)
You do not regenerate when monsters are visible.
You are immune to unholy pain and torment.
You thrive by killing the living.


   Skills:
 - Level 2.0 Fighting
 + Level 3.4 Axes
 - Level 1.7 Dodging
 - Level 2.1 Stealth
 - Level 1.7 Spellcasting
 - Level 3.6 Summonings


You had 5 spell levels left.
You knew the following spells:

 Your Spells              Type           Power      Damage    Failure   Level
a - Summon Small Mammal   Summ           32%        N/A       36%         1

Your spell library contained the following spells:

 Spells                   Type           Power      Damage    Failure   Level
 Call Imp                 Summ           8%         N/A       50%         2
 Call Canine Familiar     Summ           8%         N/A       73%         3
 Summon Guardian Golem    Hex/Summ       4%         N/A       93%         3
 Summon Lightning Spire   Summ/Air       4%         N/A       100%        4

Inventory:

Hand Weapons
 i - a +0 flail
 j - the +3 mace of Nice Punishment {elec, rPois rC- Dex+4}
   (You found it on level 4 of the Dungeon)

   It occasionally discharges a powerful burst of electricity upon striking a
   foe.
   Dex:       It affects your dexterity (+4).
   rC:        It makes you vulnerable to cold.
   rPois:     It protects you from poison.
 Y - a +0 war axe (weapon)
Armour
 e - a +0 cloak (worn)
 f - a +0 scale mail (worn)
Jewellery
 a - a +6 ring of intelligence
 h - an amulet of regeneration (around neck)
Scrolls
 b - 2 scrolls of identify
 c - 2 scrolls of teleportation {unknown}
 d - 2 scrolls of vulnerability {unknown}
Potions
 g - a potion of might

Dungeon Overview and Level Annotations

Branches:
Dungeon (4/15)
 Temple: D:4-7

Altars:
Makhleb
Xom

Annotations:
D:3 1 runed translucent door, qw's ghost, amateur GrFi


Message History

The black bear claws you but does no damage. x2
The black bear barely misses you.
The black bear claws you but does no damage.
The black bear claws you.
You slash the black bear!
The black bear is severely wounded.
The black bear bites you.
The black bear claws you but does no damage.
The black bear closely misses you.
You hit the black bear.
The black bear is severely wounded.
The black bear bites you!
The black bear claws you but does no damage.
The black bear claws you.
You hit the black bear.
The black bear is severely wounded.
The black bear goes berserk!
The black bear barely misses you. The black bear claws you. x2
You closely miss the black bear.
The black bear is severely wounded.
The black bear bites you but does no damage.
The black bear claws you but does no damage.
The black bear claws you. The black bear bites you.
The black bear barely misses you. The black bear claws you.
You barely miss the black bear.
The black bear is severely wounded.
The black bear bites you. The black bear closely misses you. x2
The black bear bites you.
The black bear claws you but does no damage. x2
You hit the black bear.
The black bear is severely wounded.
The black bear closely misses you.
The black bear claws you but does no damage. x2
The black bear bites you but does no damage.
The black bear claws you but does no damage. x2
You barely miss the black bear. You claw the black bear.
The black bear is almost dead.
The black bear bites you. The black bear barely misses you.
The black bear closely misses you. The black bear bites you.
You die...

##............#
##..........##..#
#.......###.###...# .
.....#.## #.# #..## ..
.......# ##.###.## ..#
........##......# ...
......##...#....# ..#
....#####..####.##...#
#.######...##...@h...#
#.......<.....##........
...........######....##.
...........###########
..........#.........
##..##<...##...#...#
##..###.............
##..###....#...#...#
....................


You could see a black bear (berserk).

Vanquished Creatures
  2 adders
  2 worms
  A dart slug (D:3)
  4 orcs
  5 bats
  2 endoplasms
  7 giant cockroaches
  4 goblins
  4 hobgoblins
  3 quokkas
  4 ball pythons
  7 kobolds
  2 rats (D:2)
47 creatures vanquished.

Vanquished Creatures (collateral kills)
  An adder (D:2)
  4 ball pythons
  4 endoplasms
  A goblin (D:3)
  2 hobgoblins (D:1)
  A quokka (D:2)
  2 bats
  3 frilled lizards
  A kobold (D:3)
  5 rats
24 creatures vanquished.

Grand Total: 71 creatures vanquished

Notes
Turn   | Place    | Note
-------+----------+-------------------------------------------
     0 | D:1      | qw the Ghoul Summoner began the quest for the Orb.
     0 | D:1      | Reached XP level 1. HP: 14/14 MP: 2/2
     0 | D:1      | 0 ||| qw: Version: 0.1-a-113-g051387a
     0 | D:1      | 0 ||| qw: Game counter: 6959
     0 | D:1      | 0 ||| qw: Always use a shield: true
     0 | D:1      | 0 ||| qw: God list: Okawaru
     0 | D:1      | 0 ||| qw: Allow faded altars: false
     0 | D:1      | 0 ||| qw: Do Orc after D:15 true
     0 | D:1      | 0 ||| qw: Do second Lair branch before Depths: true
     0 | D:1      | 0 ||| qw: Lair rune preference: random
     0 | D:1      | 0 ||| qw: Plans: Normal
     0 | D:1      | 0 ||| PLANNING D:1-11
     9 | D:1      | 9 ||| CASTING Summon Small Mammal
    10 | D:1      | 10 ||| CASTING Summon Small Mammal
   131 | D:1      | 131 ||| CASTING Summon Small Mammal
   132 | D:1      | 132 ||| CASTING Summon Small Mammal
   183 | D:1      | 183 ||| CASTING Summon Small Mammal
   184 | D:1      | 184 ||| CASTING Summon Small Mammal
   302 | D:1      | 302 ||| Wielding weapon +0 dagger.
   310 | D:1      | 310 ||| CASTING Summon Small Mammal
   311 | D:1      | 311 ||| CASTING Summon Small Mammal
   317 | D:1      | Reached skill level 1 in Axes
   369 | D:1      | 369 ||| CASTING Summon Small Mammal
   370 | D:1      | 370 ||| Stepping ~*~*~tactically~*~*~ (stealth).
   371 | D:1      | 371 ||| CASTING Summon Small Mammal
   434 | D:1      | Found a faded altar of an unknown god.
   435 | D:1      | 435 ||| CASTING Summon Small Mammal
   436 | D:1      | 436 ||| CASTING Summon Small Mammal
   446 | D:1      | Reached skill level 1 in Fighting
   446 | D:1      | Reached XP level 2. HP: 23/23 MP: 0/3
   505 | D:1      | 505 ||| CASTING Summon Small Mammal
   506 | D:1      | 506 ||| CASTING Summon Small Mammal
   507 | D:1      | 507 ||| CASTING Summon Small Mammal
   692 | D:1      | 692 ||| CASTING Summon Small Mammal
   693 | D:1      | 693 ||| CASTING Summon Small Mammal
   694 | D:1      | 694 ||| CASTING Summon Small Mammal
   750 | D:1      | 750 ||| CASTING Summon Small Mammal
   751 | D:1      | 751 ||| CASTING Summon Small Mammal
   752 | D:1      | 752 ||| CASTING Summon Small Mammal
   838 | D:1      | 838 ||| CASTING Summon Small Mammal
   839 | D:1      | 839 ||| CASTING Summon Small Mammal
   840 | D:1      | 840 ||| CASTING Summon Small Mammal
   851 | D:1      | 851 ||| CASTING Summon Small Mammal
   889 | D:1      | 889 ||| CASTING Summon Small Mammal
   890 | D:1      | 890 ||| CASTING Summon Small Mammal
   891 | D:1      | 891 ||| CASTING Summon Small Mammal
   950 | D:1      | 950 ||| CASTING Summon Small Mammal
   951 | D:1      | 951 ||| CASTING Summon Small Mammal
   952 | D:1      | 952 ||| CASTING Summon Small Mammal
  1024 | D:1      | 1024 ||| CASTING Summon Small Mammal
  1025 | D:1      | 1025 ||| CASTING Summon Small Mammal
  1026 | D:1      | 1026 ||| CASTING Summon Small Mammal
  1067 | D:1      | 1067 ||| CASTING Summon Small Mammal
  1068 | D:1      | 1068 ||| CASTING Summon Small Mammal
  1069 | D:1      | 1069 ||| CASTING Summon Small Mammal
  1079 | D:1      | 1079 ||| CASTING Summon Small Mammal
  1143 | D:1      | 1143 ||| SWAPPING to +0 war axe.
  1144 | D:1      | 1144 ||| DROPPING +0 dagger.
  1336 | D:1      | 1336 ||| CASTING Summon Small Mammal
  1337 | D:1      | 1337 ||| CASTING Summon Small Mammal
  1338 | D:1      | 1338 ||| CASTING Summon Small Mammal
  1378 | D:1      | 1378 ||| CASTING Summon Small Mammal
  1379 | D:1      | 1379 ||| CASTING Summon Small Mammal
  1380 | D:1      | 1380 ||| CASTING Summon Small Mammal
  1634 | D:1      | 1634 ||| UPGRADING to +0 ring mail.
  1644 | D:1      | 1644 ||| DROPPING +0 robe.
  1645 | D:1      | 1645 ||| UPGRADING to +0 cloak.
  1650 | D:1      | 1650 ||| UPGRADING to amulet of regeneration.
  1655 | D:1      | 1655 ||| READING scroll labelled WIDDEMPISTO.
  1656 | D:1      | 1656 ||| READING scroll labelled ROARAB ZUSIS.
  1657 | D:1      | 1657 ||| DROPPING potion of magic.
  1694 | D:2      | 1694 ||| CASTING Summon Small Mammal
  1695 | D:2      | 1695 ||| STAIRDANCE
  1717 | D:2      | 1717 ||| CASTING Summon Small Mammal
  1718 | D:2      | 1718 ||| CASTING Summon Small Mammal
  1719 | D:2      | 1719 ||| CASTING Summon Small Mammal
  1730 | D:2      | 1730 ||| CASTING Summon Small Mammal
  1738 | D:2      | Reached XP level 3. HP: 25/28 MP: 0/4
  1781 | D:2      | 1781 ||| CASTING Summon Small Mammal
  1782 | D:2      | 1782 ||| CASTING Summon Small Mammal
  1783 | D:2      | 1783 ||| CASTING Summon Small Mammal
  1817 | D:2      | 1817 ||| CASTING Summon Small Mammal
  1818 | D:2      | 1818 ||| CASTING Summon Small Mammal
  1819 | D:2      | 1819 ||| CASTING Summon Small Mammal
  1828 | D:2      | 1828 ||| CASTING Summon Small Mammal
  1829 | D:2      | 1829 ||| CASTING Summon Small Mammal
  1893 | D:2      | 1893 ||| CASTING Summon Small Mammal
  1894 | D:2      | 1894 ||| CASTING Summon Small Mammal
  1924 | D:2      | 1924 ||| CASTING Summon Small Mammal
  1925 | D:2      | 1925 ||| CASTING Summon Small Mammal
  1942 | D:2      | 1942 ||| CASTING Summon Small Mammal
  1943 | D:2      | 1943 ||| CASTING Summon Small Mammal
  1944 | D:2      | 1944 ||| CASTING Summon Small Mammal
  1945 | D:2      | 1945 ||| CASTING Summon Small Mammal
  1990 | D:2      | 1990 ||| CASTING Summon Small Mammal
  1991 | D:2      | 1991 ||| CASTING Summon Small Mammal
  1992 | D:2      | 1992 ||| CASTING Summon Small Mammal
  2009 | D:2      | 2009 ||| CASTING Summon Small Mammal
  2010 | D:2      | 2010 ||| CASTING Summon Small Mammal
  2011 | D:2      | 2011 ||| CASTING Summon Small Mammal
  2074 | D:2      | 2074 ||| CASTING Summon Small Mammal
  2075 | D:2      | 2075 ||| CASTING Summon Small Mammal
  2076 | D:2      | 2076 ||| CASTING Summon Small Mammal
  2077 | D:2      | 2077 ||| CASTING Summon Small Mammal
  2138 | D:2      | 2138 ||| CASTING Summon Small Mammal
  2156 | D:2      | Found a burning altar of Makhleb.
  2189 | D:2      | 2189 ||| CASTING Summon Small Mammal
  2190 | D:2      | 2190 ||| CASTING Summon Small Mammal
  2191 | D:2      | 2191 ||| CASTING Summon Small Mammal
  2192 | D:2      | 2192 ||| CASTING Summon Small Mammal
  2236 | D:2      | 2236 ||| CASTING Summon Small Mammal
  2237 | D:2      | 2237 ||| CASTING Summon Small Mammal
  2242 | D:2      | 2242 ||| CASTING Summon Small Mammal
  2243 | D:2      | 2243 ||| CASTING Summon Small Mammal
  2286 | D:2      | 2286 ||| CASTING Summon Small Mammal
  2298 | D:2      | 2298 ||| CASTING Summon Small Mammal
  2299 | D:2      | 2299 ||| CASTING Summon Small Mammal
  2300 | D:2      | 2300 ||| CASTING Summon Small Mammal
  2371 | D:2      | 2371 ||| CASTING Summon Small Mammal
  2372 | D:2      | 2372 ||| CASTING Summon Small Mammal
  2373 | D:2      | 2373 ||| CASTING Summon Small Mammal
  2374 | D:2      | 2374 ||| CASTING Summon Small Mammal
  2640 | D:2      | 2640 ||| CASTING Summon Small Mammal
  2641 | D:2      | 2641 ||| CASTING Summon Small Mammal
  2642 | D:2      | 2642 ||| CASTING Summon Small Mammal
  2643 | D:2      | 2643 ||| CASTING Summon Small Mammal
  2692 | D:2      | 2692 ||| CASTING Summon Small Mammal
  2693 | D:2      | 2693 ||| CASTING Summon Small Mammal
  2694 | D:2      | 2694 ||| CASTING Summon Small Mammal
  2699 | D:2      | Reached XP level 4. HP: 36/36 MP: 1/5
  2787 | D:2      | 2787 ||| CASTING Summon Small Mammal
  2788 | D:2      | 2788 ||| CASTING Summon Small Mammal
  2789 | D:2      | 2789 ||| CASTING Summon Small Mammal
  2792 | D:2      | 2792 ||| CASTING Summon Small Mammal
  2793 | D:2      | 2793 ||| CASTING Summon Small Mammal
  2851 | D:2      | 2851 ||| CASTING Summon Small Mammal
  2852 | D:2      | 2852 ||| CASTING Summon Small Mammal
  2853 | D:2      | 2853 ||| CASTING Summon Small Mammal
  2854 | D:2      | 2854 ||| CASTING Summon Small Mammal
  2855 | D:2      | 2855 ||| CASTING Summon Small Mammal
  2917 | D:2      | 2917 ||| CASTING Summon Small Mammal
  2918 | D:2      | 2918 ||| CASTING Summon Small Mammal
  2919 | D:2      | 2919 ||| CASTING Summon Small Mammal
  2920 | D:2      | 2920 ||| CASTING Summon Small Mammal
  2921 | D:2      | 2921 ||| CASTING Summon Small Mammal
  3015 | D:2      | 3015 ||| READING scroll labelled ZEYGADWALUI.
  3016 | D:2      | 3016 ||| READING scroll labelled GAVANKUBU FOSORA.
  3017 | D:2      | 3017 ||| READING scroll labelled BEXOOR TYURCH.
  3018 | D:2      | 3018 ||| READING scroll labelled ASEM EDDIODGH.
  3036 | D:3      | 3036 ||| CASTING Summon Small Mammal
  3037 | D:3      | 3037 ||| CASTING Summon Small Mammal
  3038 | D:3      | 3038 ||| CASTING Summon Small Mammal
  3039 | D:3      | 3039 ||| CASTING Summon Small Mammal
  3040 | D:3      | 3040 ||| CASTING Summon Small Mammal
  3115 | D:3      | 3115 ||| CASTING Summon Small Mammal
  3116 | D:3      | 3116 ||| CASTING Summon Small Mammal
  3117 | D:3      | 3117 ||| CASTING Summon Small Mammal
  3277 | D:3      | 3277 ||| CASTING Summon Small Mammal
  3278 | D:3      | 3278 ||| CASTING Summon Small Mammal
  3279 | D:3      | 3279 ||| CASTING Summon Small Mammal
  3280 | D:3      | 3280 ||| CASTING Summon Small Mammal
  3368 | D:3      | 3368 ||| CASTING Summon Small Mammal
  3369 | D:3      | 3369 ||| CASTING Summon Small Mammal
  3370 | D:3      | 3370 ||| CASTING Summon Small Mammal
  3371 | D:3      | 3371 ||| CASTING Summon Small Mammal
  3372 | D:3      | 3372 ||| CASTING Summon Small Mammal
  3683 | D:3      | 3683 ||| CASTING Summon Small Mammal
  3684 | D:3      | 3684 ||| CASTING Summon Small Mammal
  3685 | D:3      | 3685 ||| CASTING Summon Small Mammal
  3686 | D:3      | 3686 ||| CASTING Summon Small Mammal
  3687 | D:3      | 3687 ||| CASTING Summon Small Mammal
  3738 | D:3      | Found a runed translucent door.
  3739 | D:3      | Noticed qw's ghost (amateur GrFi)
  3743 | D:3      | 3743 ||| CASTING Summon Small Mammal
  3744 | D:3      | 3744 ||| CASTING Summon Small Mammal
  3745 | D:3      | 3745 ||| CASTING Summon Small Mammal
  3746 | D:3      | 3746 ||| CASTING Summon Small Mammal
  3747 | D:3      | 3747 ||| CASTING Summon Small Mammal
  3754 | D:3      | 3754 ||| CASTING Summon Small Mammal
  3841 | D:3      | Found a shimmering altar of Xom.
  4082 | D:3      | 4082 ||| CASTING Summon Small Mammal
  4083 | D:3      | 4083 ||| CASTING Summon Small Mammal
  4084 | D:3      | 4084 ||| CASTING Summon Small Mammal
  4085 | D:3      | 4085 ||| CASTING Summon Small Mammal
  4263 | D:3      | 4263 ||| CASTING Summon Small Mammal
  4264 | D:3      | 4264 ||| CASTING Summon Small Mammal
  4285 | D:3      | 4285 ||| CASTING Summon Small Mammal
  4286 | D:3      | 4286 ||| CASTING Summon Small Mammal
  4287 | D:3      | 4287 ||| CASTING Summon Small Mammal
  4288 | D:3      | 4288 ||| CASTING Summon Small Mammal
  4289 | D:3      | 4289 ||| CASTING Summon Small Mammal
  4292 | D:3      | Reached skill level 3 in Axes
  4343 | D:3      | Identified the +2 dagger of Articulation {spect, rF+ Int+4
                  | Dex+3}
  4411 | D:3      | 4411 ||| CASTING Summon Small Mammal
  4412 | D:3      | 4412 ||| CASTING Summon Small Mammal
  4413 | D:3      | 4413 ||| CASTING Summon Small Mammal
  4414 | D:3      | 4414 ||| CASTING Summon Small Mammal
  4415 | D:3      | 4415 ||| CASTING Summon Small Mammal
  4554 | D:3      | 4554 ||| UPGRADING to +0 scale mail.
  4564 | D:3      | 4564 ||| DROPPING +0 ring mail.
  4565 | D:3      | 4565 ||| READING scroll labelled UFOEXTOUQAL.
  4566 | D:3      | 4566 ||| READING 2 scrolls of identify.
  4566 | D:3      | 4566 ||| IDENTIFYING glowing brown potion
  4868 | D:4      | HP: 7/36 [orc/+0 flail (4)]
  4906 | D:4      | 4906 ||| DROPPING +0 whip.
  4936 | D:4      | Identified the +3 mace of Nice Punishment {elec, rPois rC-
                  | Dex+4}
  4938 | D:4      | Noticed a black bear
  4948 | D:4      | HP: 9/36 [black bear (1)]
  4950 | D:4      | HP: 2/36 [black bear (4)]
  4950 | D:4      | Slain by a black bear

Levels and vault maps discovered:
D:1:      dpeg_arrival_arbitrary_a, layout_basic,
          hellmonk_ecumenical_altar_heavens_door
D:2:      layout_loops_ring, basic_altar, hex_large, minmay_worlds_worst_comb
D:3:      layout_basic, mainiacjoe_overflow_alcove_1,
          hellmonk_ghost_happy_afterlife, nrook_loot_triangle,
          patterned_corridor
D:4:      kennysheep_kobold_camp, layout_layer_cave,
          lemuel_coloured_pillars_altar, mainiacjoe_overflow_alcove_2,
          minmay_temple_entry_crystal_x

Skill      XL: |  1  2  3  4 |
---------------+-------------+-----
Axes           | 1 2 3 |  3.4
Fighting       | 1 2 |  2.0
Dodging        | |  1.7
Stealth        | |  2.1
Spellcasting   | |  1.7
Summonings     | |  3.6

Action                   |  1- 3 |  4- 6 || total
-------------------------+-------+-------++-------
Melee: Unarmed           |    10 |       ||    10
       Dagger            |    17 |       ||    17
       War axe           |    61 |   121 ||   182
       Punch             |       |     2 ||     2
Throw: Boomerang         |       |     3 ||     3
 Cast: Summon Small Mamm |    83 |    50 ||   133
  Use: Scroll            |     2 |     6 ||     8
 Stab: Distracted        |     1 |       ||     1
Armor: Ring mail         |    23 |    20 ||    43
       Robe              |     4 |       ||     4
       Scale mail        |       |    46 ||    46
Dodge: Dodged            |    47 |    67 ||   114

Table legend:
 A = Non-vault XP
 B = Vault XP
 C = Vault XP percentage of total XP
 D = Non-vault monster count
 E = Vault monster count
 F = Vault count percentage of total count
                 A         B        C        D         E       F
            +---------+---------+-------+---------+---------+-------
      Total |     149 |      13 |   8.0 |      64 |       7 |   9.9
            +---------+---------+-------+---------+---------+-------
        D:1 |      32 |       0 |   0.0 |      19 |       0 |   0.0
        D:2 |      54 |       8 |  12.9 |      19 |       4 |  17.4
        D:3 |      26 |       0 |   0.0 |      14 |       0 |   0.0
        D:4 |      37 |       5 |  11.9 |      12 |       3 |  20.0
            +---------+---------+-------+---------+---------+-------
